 Dungeon Crawl Stone Soup version 0.31.0-12-g77e489cdc1 (webtiles) character file.

Game seed: 17523429413467391291

307 H0rd4k the Insei (level 6, -3/41 HPs)
             Began as an Octopode Artificer on Mar 1, 2024.
             Killed by divine providence
             ... invoked by an orc priest
              (16 damage)
             ... on level 4 of the Dungeon.
             The game lasted 00:02:37 (1822 turns).

H0rd4k the Insei (Octopode Artificer)               Turns: 1822, Time: 00:02:38

Health: -3/41      AC:  1    Str: 11    XL:     6   Next: 40%
Magic:  6/6        EV: 13    Int: 15    God:
Gold:   153        SH:  0    Dex: 13    Spells: 5/5 levels left

rFire   . .          .
                       - Unarmed
rCold   . . .        (no shield)
rNeg    . . .        (helmet restricted)
rPois   .            g - amulet of regeneration
rElec   .            (no ring)
rCorr   .            (no ring)
SInv    .            (no ring)
Will    .....        (no ring)
Stlth   +++          (no ring)
HPRegen 1.06/turn    (no ring)
MPRegen 0.10/turn    (no ring)
                     (no ring)

%: no passive effects
@: no status effects
A: almost no armour, amphibious, 8 rings, camouflage 1, gelatinous body 1,
(nimble swimmer 1), tentacles
a: no special abilities


You were on level 4 of the Dungeon.
You visited 1 branch of the dungeon, and saw 4 of its levels.

You collected 153 gold pieces.

Inventory:

Jewellery
 g - an amulet of regeneration (around mantle)
 l - an amulet of faith
Wands
 b - a wand of flame (15) (quivered)
 c - a wand of charming (13)
 d - a wand of iceblast (3)
Scrolls
 f - a scroll of revelation {unknown}
 h - a scroll of immolation {unknown}
 k - a scroll of blinking {unknown}
 o - 2 scrolls of identify {unknown}
 p - 2 scrolls of vulnerability {unknown}
 q - a scroll of fog {unknown}
Potions
 a - a potion of lignification {unknown}
 e - a potion of enlightenment {unknown}
 i - a potion of brilliance {unknown}
 j - a potion of heal wounds {unknown}
 m - a potion of haste {unknown}
 n - a potion of cancellation {unknown}


   Skills:
 + Level 2.5 Fighting
 - Level 2.3 Dodging
 - Level 1.3 Stealth
 + Level 5.6 Unarmed Combat
 - Level 3.2 Evocations


You had 5 spell levels left.
You didn't know any spells.
Your spell library was empty.

Dungeon Overview and Level Annotations

Branches:
Dungeon (4/15)
 Temple: D:4-7

Altars:

Annotations:
D:3 exclusion: 2 downstairs


Innate Abilities, Weirdness & Mutations

You cannot wear most types of armour.
You are amphibious.
You can wear up to eight rings at the same time.
Your skin changes colour to match your surroundings (Stealth+).
Your rubbery body absorbs attacks. (AC +1, EV +1)
((You are camouflaged when in or above water. (Stealth+)))
You have tentacles for arms and can constrict up to eight enemies at once.


Message History

What are your orders? t - Shout!
Orders for allies: a - Attack new target. r - Retreat! s - Stop attacking. g - Guard the area. f - Follow me.
Anything else - Cancel.
Guard this area!
Something hits your orc wizard. The kobold barely misses you.
Your orc wizard hits something with a +0 dagger.
You closely miss the kobold. Your grab misses the kobold.
The kobold is heavily wounded.
Something hits your orc wizard. The kobold closely misses you.
You tentacle-slap the kobold but do no damage.
You grab the kobold. You squeeze the kobold.
You kill the kobold!
Your orc wizard hits something with a +0 dagger.
Something hits your orc wizard.
Your orc wizard dies!
You barely miss the hound. Your grab misses the hound. You squeeze the hound.
The hound is lightly wounded.
The hound bites you.
The orc priest shouts!
You tentacle-slap the hound. Your grab misses the hound.
The hound is moderately wounded.
The hound closely misses you. The hound bites you.
You tentacle-slap the hound. You grab the hound.
The hound is heavily wounded.
You constrict the hound. The hound bites you.
You tentacle-slap the hound.
You kill the hound!
You tentacle-slap the orc. You grab the orc.
The orc is heavily wounded.
You constrict the orc. The orc misses you.
You tentacle-slap the orc.
You kill the orc!
The orc priest calls down the wrath of Beogh upon you.
Beogh smites you!
* * * LOW HITPOINT WARNING * * *
The orc priest calls down the wrath of Beogh upon you.
Beogh smites you!
You die...

. ... ###....
##..#....
###..$.....
#.@o.......
###........
#..)#.....
#...#.....
##.........
##...$......
##...........
##............
##...###..#....


You could see an orc priest.

Vanquished Creatures
  A centaur (D:3)
  A wight (D:3)
  2 hounds
  An orc wizard (D:4)
  An adder (D:4)
  2 dart slugs
  11 orcs
  9 ball pythons
  A bat (D:1)
  3 endoplasms (D:1)
  5 giant cockroaches
  6 goblins
  3 hobgoblins (D:1)
  4 jackals
  4 quokkas
  6 frilled lizards
  3 kobolds
  2 rats
65 creatures vanquished.

Vanquished Creatures (collateral kills)
  A jackal (D:3)
  A ball python (D:3)
2 creatures vanquished.

Vanquished Creatures (others)
  An orc wizard (D:4)
1 creature vanquished.

Grand Total: 68 creatures vanquished

Notes
Turn   | Place    | Note
-------+----------+-------------------------------------------
     0 | D:1      | H0rd4k the Octopode Artificer began the quest for the Orb.
     0 | D:1      | Reached XP level 1. HP: 13/13 MP: 1/1
   104 | D:1      | Reached skill level 1 in Unarmed Combat
   160 | D:1      | Reached XP level 2. HP: 15/18 MP: 2/2
   233 | D:1      | Found a faded altar of an unknown god.
   526 | D:1      | Reached skill level 2 in Unarmed Combat
   768 | D:2      | Reached XP level 3. HP: 23/23 MP: 3/3
  1065 | D:3      | Noticed a centaur
  1073 | D:3      | Killed a centaur
  1074 | D:3      | Reached skill level 4 in Unarmed Combat
  1074 | D:3      | Reached XP level 4. HP: 27/29 MP: 4/4
  1074 | D:3      | Reached XP level 5. HP: 32/34 MP: 5/5
  1687 | D:3      | Reached skill level 5 in Unarmed Combat
  1687 | D:3      | Reached XP level 6. HP: 22/41 MP: 6/6
  1822 | D:4      | Killed from afar by an orc priest

Illustrated notes

Levels and vault maps discovered:
D:1:      eino_arrival_tree_alley, layout_basic,
          dreamdust_ecumenical_altar_statues, minmay_ruptured
D:2:      layout_rooms
D:3:      layout_rooms
D:4:      layout_cave_pools, minmay_tree_intersection, uniq_crazy_yiuf_cottage

Skill      XL: |  1  2  3  4  5 |
---------------+----------------+-----
Unarmed Combat | 1 2 4 5 |  5.6
Fighting       | 2 |  2.5
Dodging        | |  2.3
Stealth        | |  1.3
Evocations     | |  3.2

Action                     |  1- 3 |  4- 6 || total
---------------------------+-------+-------++-------
  Melee: Unarmed           |    84 |    67 ||   151
         Constrict         |    20 |    23 ||    43
         Tentacles         |    10 |    19 ||    29
         Punch             |       |     2 ||     2
  Evoke: Wand              |     2 |     2 ||     4
   Stab: Sleeping          |     9 |     3 ||    12
 Armour: Skin              |    31 |    39 ||    70
  Dodge: Dodged            |    48 |    83 ||   131
